Map: [ESL] Moondance

Players

RagnaroK (SHIN)

  • Race: Zerg Zerg
  • Spawn Location: 6:00

Maru - Winner!

  • Race: Terran Terran
  • Spawn Location: 12:00

Event: TSL 9

VOD

Have the link to the VOD?

Description

Time

  • Played on: Aug. 6, 2022, 7:20 a.m.
  • Length: 9:41

All games in this series

Show
View Real Time Build Order
Export as new Build Order

RagnaroK Zerg 

Build Orders: Hatch First 

Get SALT Encoding   

  12  0:00  Drone  
  13  0:12  Overlord  
  13  0:16  Drone  
  14  0:31  Drone x2  
  16  0:48  Hatchery  
  15  0:51  Drone  
  15  0:55  Drone  
  17  0:59  Drone  
  18  1:14  Spawning Pool  
  18  1:17  Drone  
  18  1:19  Drone  
  19  1:28  Drone  
  20  1:44  Hatchery  
  19  1:50  Drone  
  20  2:00  Zergling x4  
  20  2:01  Queen  
  22  2:02  Zergling x2  
  22  2:05  Extractor  
  24  2:11  Queen  
  24  2:15  Drone  
  27  2:20  Overlord  
  27  2:26  Drone  
  28  2:39  Drone x3  
  28  2:42  Queen  
  28  2:43  Drone  
  34  2:45  Drone  
  35  2:55  Queen  
  35  2:57  Drone  
  37  3:00  Drone  
  37  3:02  Drone  
  39  3:08  Metabolic Boost  
  39  3:11  Drone  
  40  3:14  Overlord  
  40  3:17  Overlord  
  40  3:22  Drone  
  40  3:26  Overlord  
  41  3:33  Drone x5  
  46  3:38  Queen  
  48  3:45  Zergling x2, Queen  
  51  3:49  Overlord  
  51  3:51  Drone  
  51  3:55  Drone x2  
  54  3:57  Drone  
  54  3:59  Spore Crawler  
  54  4:01  Drone  
  54  4:02  Drone  
  56  4:04  Overlord  
  56  4:06  Overlord  
  56  4:11  Queen  
  56  4:15  Queen  
  60  4:18  Drone  
  60  4:19  Drone  
  60  4:21  Drone  
  60  4:23  Spore Crawler  
  62  4:24  Zergling x4  
  62  4:25  Drone  
  62  4:27  Drone  
  62  4:30  Drone x2  
  68  4:33  Drone x2  
  68  4:34  Drone  
  68  4:35  Drone  
  72  4:38  Zergling x2  
  72  4:41  Drone  
  72  4:43  Spore Crawler, Drone  
  74  4:46  Lair  
  74  4:47  Overlord  
  74  4:50  Drone, Extractor  
  74  4:51  Drone  
  75  4:53  Drone  
  75  4:54  Extractor x2  
  74  5:00  Baneling Nest, Queen  
  74  5:01  Drone  
  74  5:04  Drone x2  
  74  5:05  Drone  
  74  5:06  Drone  
  80  5:07  Drone  
  80  5:08  Zergling x2  
  80  5:10  Drone  
  83  5:15  Zergling x2  
  83  5:17  Evolution Chamber  
  83  5:22  Zergling x2  
  83  5:26  Zergling x6  
  87  5:28  Hatchery  
  87  5:29  Zergling x4  
  87  5:35  Zergling x4  
  90  5:37  Overlord x3  
  90  5:42  Overlord  
  90  5:44  Overlord  
  90  5:46  Overlord  
  89  5:50  Overlord  
  89  5:54  Hatchery  
  89  5:56  Zergling x12  
  91  5:59  Zergling x4  
  91  6:03  Zerg Ground Armor Level 1  
  87  6:05  Centrifugal Hooks  
  87  6:07  Zergling x2  
  88  6:11  Zergling x8  
  88  6:13  Zergling x2  
  88  6:17  Zergling x2  
  94  6:23  Zergling x2  
  94  6:24  Zergling x8  
  99  6:26  Baneling x12  
  99  6:27  Baneling  
  99  6:31  Zergling x4  
  101  6:34  Zergling x2, Overseer  
  101  6:39  Overlord  
  102  6:40  Zergling x4  
  102  6:41  Zergling x4  
  102  6:42  Baneling x6  
  104  6:47  Zergling x2  
  104  6:50  Evolution Chamber  
  104  6:51  Baneling x8  
  104  6:52  Baneling  
  104  6:53  Zergling x4  
  106  6:56  Zergling x6  
  106  6:58  Baneling x2  
  109  7:01  Zergling x2  
  109  7:02  Zergling x4  
  109  7:04  Zergling x2  
  109  7:07  Zergling x2  
  109  7:08  Zergling x6  
  117  7:10  Overlord  
  117  7:12  Zergling x2  
  117  7:13  Zergling x2  
  119  7:20  Zergling x2  
  119  7:22  Zergling x4  
  116  7:24  Overlord  
  116  7:27  Zergling x6  
  111  7:31  Drone  
  111  7:33  Drone  
  111  7:36  Drone  
  101  7:37  Drone  
  101  7:39  Drone x3  
  101  7:41  Drone x6, Zerg Melee Weapons Level 1  
  101  7:42  Drone  
  101  7:44  Zergling x6  
  112  7:46  Drone  
  112  7:49  Drone  
  114  7:53  Zergling x4  
  114  7:55  Baneling x11  
  115  8:04  Drone x3  
  117  8:05  Drone  
  117  8:08  Burrow  
  117  8:10  Overseer, Drone, Extractor  
  117  8:14  Drone  
  117  8:15  Drone x3  
  117  8:16  Zergling x2  
  117  8:17  Baneling  
  117  8:18  Baneling x3  
  122  8:21  Extractor  
  122  8:24  Zergling x12  
  127  8:27  Hydralisk Den  
  127  8:28  Zergling x4  
  124  8:37  Zergling x2  
  124  8:38  Zergling x12  
  124  8:41  Zergling x2, Baneling x7  
  114  8:42  Zergling x8  
  114  8:50  Zergling x8  
  110  8:57  Hatchery  
  110  9:00  Zergling x10  
  111  9:06  Zergling x4  
  111  9:09  Baneling x3  
  105  9:13  Zergling x2  
  105  9:15  Hatchery  
  106  9:17  Zergling x4  
  106  9:20  Zergling x2  
  106  9:22  Baneling  
  106  9:23  Baneling x7  
Show
View Real Time Build Order
Export as new Build Order

Maru Terran - Winner!

Build Orders:  

Get SALT Encoding   

  12  0:00  SCV  
  13  0:12  SCV  
  14  0:17  Supply Depot  
  14  0:24  SCV  
  15  0:39  SCV  
  15  0:40  Barracks  
  16  0:43  Refinery  
  16  0:51  SCV  
  17  1:03  SCV  
  18  1:15  SCV  
  19  1:29  Orbital Command, Marine  
  20  1:40  Command Center  
  20  1:51  Factory  
  20  1:54  SCV  
  21  2:03  Barracks Reactor  
  21  2:06  SCV  
  22  2:10  Supply Depot  
  22  2:14  Refinery  
  22  2:18  SCV  
  23  2:32  SCV  
  23  2:35  Hellion  
  26  2:39  Marine x2  
  26  2:40  Starport  
  28  2:45  SCV  
  29  2:52  Orbital Command  
  29  2:57  Marine x2  
  31  3:00  Hellion  
  31  3:01  SCV  
  34  3:13  SCV  
  34  3:18  Medivac, Marine  
  34  3:19  Marine  
  39  3:20  SCV  
  39  3:24  Supply Depot  
  39  3:25  SCV  
  41  3:28  Factory Tech Lab  
  41  3:32  SCV  
  42  3:37  SCV  
  43  3:44  SCV  
  44  3:50  SCV  
  44  3:54  Hellion x2  
  44  3:55  Raven  
  51  3:56  SCV  
  51  3:57  Supply Depot  
  51  3:59  Supply Depot, Marine  
  51  4:02  SCV  
  54  4:14  Barracks x2  
  54  4:18  SCV x2  
  54  4:19  Supply Depot  
  54  4:23  Barracks Tech Lab  
  56  4:30  SCV x2, Factory Reactor  
  58  4:42  SCV x2, Marine  
  61  4:46  Command Center  
  61  4:47  Stimpack  
  61  4:54  SCV, Starport Reactor  
  61  4:56  SCV  
  61  4:57  Engineering Bay  
  61  4:59  Engineering Bay  
  63  5:00  Marine  
  63  5:07  SCV  
  65  5:08  SCV, Refinery  
  65  5:09  Supply Depot  
  66  5:19  SCV, Barracks  
  66  5:20  Barracks, Marine  
  66  5:21  Marine x2  
  70  5:22  Marine  
  70  5:24  Marine  
  72  5:31  Siege Tank  
  72  5:32  SCV  
  76  5:37  Supply Depot, Terran Infantry Weapons Level 1  
  76  5:39  Terran Infantry Armor Level 1  
  76  5:43  SCV  
  76  5:47  Marine x2  
  76  5:48  Supply Depot  
  79  5:50  SCV  
  79  5:51  Marine  
  79  5:55  SCV  
  82  6:02  Medivac, Marine x2  
  82  6:03  SCV  
  80  6:04  Marine  
  80  6:07  Barracks Reactor x2  
  80  6:11  Siege Tank, Marine  
  84  6:16  SCV  
  86  6:20  SCV  
  86  6:24  Marine x4  
  92  6:28  Orbital Command  
  92  6:29  Marine  
  92  6:34  SCV x2  
  92  6:36  Combat Shield  
  94  6:42  Marine x2  
  94  6:46  SCV x2  
  98  6:50  Refinery, Marine x4  
  98  6:54  Siege Tank, Marine x2  
  105  6:58  SCV x2  
  109  7:02  Supply Depot  
  109  7:09  Marine x2  
  109  7:10  SCV x2, Armory  
  111  7:19  Marine  
  111  7:22  SCV  
  113  7:23  SCV  
  113  7:26  Supply Depot, Siege Tank, Marine  
  101  7:37  SCV x2  
  101  7:40  Supply Depot  
  101  7:42  Supply Depot, Marine x2  
  101  7:47  Marine x6  
  101  7:49  SCV x2  
  101  7:50  Medivac x2  
  113  7:52  Marine  
  113  7:58  Siege Tank  
  117  8:00  Supply Depot, Marine  
  117  8:01  SCV x2  
  117  8:02  Marine  
  117  8:05  Marine x3  
  124  8:06  Marine x2  
  124  8:07  Marine  
  124  8:09  SCV  
  128  8:13  SCV x2  
  128  8:15  Supply Depot, Marine  
  128  8:18  Marine  
  132  8:20  Marine  
  132  8:21  SCV  
  132  8:23  Marine  
  132  8:25  SCV x2  
  137  8:28  Marine x2  
  137  8:29  Marine x3  
  142  8:37  SCV x2, Marine x2  
  142  8:40  Marine  
  142  8:41  Siege Tank, Marine  
  141  8:43  SCV  
  141  8:44  Refinery  
  141  8:46  Marine x4  
  143  8:50  SCV x2, Marine  
  143  8:53  Medivac x2  
  143  8:55  SCV, Marine x2  
  148  8:58  Marine x2  
  147  9:13  Supply Depot, Factory  
  145  9:18  Marine x5  
  145  9:23  Command Center  
Tags
 
Event
TSL 9
Matchup
TvZ
Player
MaruSHIN
Spawn Locations
Cross Positions
Add a new tag
Caveats
  • Supply blocks, unpowered buildings, or Contaminate may cause inaccurate times.
  • Supply counts are checked every 10 seconds.